 Dungeon Crawl Stone Soup version bcrawl-1.27.1d (webtiles) character file.

Game seed: 18035847787245313001

124359 Banto the Poker (level 3, 0/40 HPs)
             Began as a Demonspawn Gladiator on July 24, 2020.
             Slain by an adder (2 damage)
             ... on level 2 of the Dungeon.
             The game lasted 00:02:07 (1602 turns).

Banto the Poker (Demonspawn Gladiator)              Turns: 1602, Time: 00:02:08

Health: 0/40       AC: 21    Str: 14    XL:     3   Next: 92%
Magic:  0/3        EV:  1    Int: 10    God:
Gold:   60         SH:  0    Dex: 14    Spells: 2/2 levels left

rFire    . . .     SeeInvis .   a - +0 trident
rCold    . . .     Gourm    .   (no shield)
rNeg     + + +     Faith    .   (armour currently unavailable)
rPois    +         Spirit   +   (helmet currently unavailable)
rElec    .         Reflect  .   (cloak currently unavailable)
rCorr    .         Harm     .   (gloves currently unavailable)
MR       .....     NoTele   +   (boots currently unavailable)
Stlth    +.........             (no amulet)
HPRegen  0.13/turn              (no ring)
MPRegen  0.08/turn              (no ring)

@: lethally poisoned (0 -> -1), tree-form
A: giant, magic shield, rot immunity
a: no special abilities


You were on level 2 of the Dungeon.
You were hungry.
You were a tree.
You visited 1 branch of the dungeon, and saw 2 of its levels.

You collected 60 gold pieces.

Inventory:

Hand Weapons
 a - a +0 trident (weapon)
Missiles
 d - 3 throwing nets {=f}
Armour
 c - a +0 helmet (melded)
 i - a +0 ring mail (melded)
Comestibles
 e - 3 rations {!d}


   Skills:
 - Level 2.0 Fighting
 + Level 4.4 Polearms
 - Level 1.7 Throwing
 - Level 2.6 Dodging


You had 2 spell levels left.
You didn't know any spells.
Your spell library was empty.

Dungeon Overview and Level Annotations

Branches:
Dungeon (2/12)

Altars:

Annotations:
D:2 Sigmund


Innate Abilities, Weirdness & Mutations

When hurt, damage is shared between your health and your magic reserves.
You are immune to rotting.


Message History

You hit Sigmund but do no damage.
Sigmund is heavily wounded.
The adder bites you but does no damage.
Sigmund says, "Don't worry, I'll kill you fast."
Sigmund begins to cast a cantrip, but forgets the words!
You barely miss Sigmund.
Sigmund is heavily wounded.
You feel sick.
The adder bites you but does no damage. x2
Sigmund mumbles some strange words.
Sigmund flickers and vanishes!
Deactivating autopickup; reactivate with Ctrl-A.
You miss something. The adder bites you but does no damage. Something hits you.
* * * LOW HITPOINT WARNING * * *
You barely miss something.
The adder bites you but does no damage. x2
You closely miss something. Something hits you but does no damage.
The adder bites you but does no damage.
You barely miss something.
* * * LOW HITPOINT WARNING * * *
You feel sick. The adder bites you.
You die...

..# #.#.#.#.##.######.#.##
..# #.#.#......#### #.#.#
..# #.#.#.#<###...# #.#.#
..## #.#.#.#.# #.#.# #.#.#
...# #.#.#.#.# #.#.# #.#.#
...# #.#.#.#.###.#.# #.#.#
...# #.#.#.#.....#.# #.#.#
...###.#.#.###.#{#.###.#.#
.#).##.#.#.....#♣#.#.....#
.........#######S#.#.#...#
...............).#.#.###.#
####.#.###########.#.# #.#
#.#.# #.#.# #.# #...####
#.#.# #.#
####.....########.#.# #.#
........^.'........#.# #.#
#####.>...##########)# #.#


You could see an adder.

Vanquished Creatures
  Jessica (D:2)
  3 leopard geckos
  7 bats (D:1)
  5 giant cockroaches
  2 hobgoblins
  A quokka (D:1)
  A frilled lizard (D:2)
  10 kobolds
  5 rats
35 creatures vanquished.

Notes
Turn   | Place    | Note
-------+----------+-------------------------------------------
     0 | D:1      | Banto the Demonspawn Gladiator began the quest for the Orb.
     0 | D:1      | Reached XP level 1. HP: 16/16 MP: 1/1
   114 | D:1      | Reached skill level 3 in Polearms
   222 | D:1      | Gained mutation: You are immune to rotting. [demonic
                  | ancestry]
   222 | D:1      | Reached XP level 2. HP: 22/22 MP: 2/2
  1056 | D:2      | Gained mutation: When hurt, damage is shared between your
                  | health and your magic reserves. [demonic ancestry]
  1056 | D:2      | Reached XP level 3. HP: 27/27 MP: 3/3
  1139 | D:2      | Noticed Sigmund
  1238 | D:2      | Noticed Jessica
  1252 | D:2      | Killed Jessica
  1252 | D:2      | Reached skill level 4 in Polearms
  1599 | D:2      | HP: 2/40 [something (2)]
  1602 | D:2      | Slain by an adder

Skill      XL: |  1  2  3 |
---------------+----------+-----
Polearms       | 3 4 |  4.4
Fighting       | |  2.0
Throwing       | |  1.7
Dodging        | |  2.6

Action                   || total
-------------------------++-------
Melee: Trident           ||   156
  Use: Scroll            ||     4
       Potion            ||     2
 Stab: Sleeping          ||     1
  Eat: Chunk             ||     6
Armor: Leather armour    ||    37
       Skin              ||    48
       Ring mail         ||     1
Dodge: Dodged            ||    95
